Cogmind - Beta 16 @@@ ROGUE MODE // 2025.10.27 @ 12:07:36 Player: Mathewnd Result: Destroyed by 3G-367(R) with Subdweller Machine Gun Performance ------------- Evolutions (0) 0 Regions Visited (2) 400 Robots Destroyed (39) 195 Value Destroyed (972) 972 Prototype IDs (0) 0 Alien Tech Used (0) 0 Bonus (0) 0 TOTAL SCORE: 1567 Bonus ------- None Cogmind --------- Core Integrity 0/250 Matter 171/300 Energy 100/100 System Corruption 0% Temperature Cool (0) Movement Rolling (130) Ox2 Location -10/Subcaves Parts ------- > --- POWER (1) -------- (None) > --- PROPULSION (2) --- Subdweller Monowheel Flight Unit > --- UTILITY (2) ------ High-capacity Storage Unit Core Shielding > --- WEAPON (2) ------- Assault Rifle Battle Cannon > --- INVENTORY (20) --- Subdweller Power Source Subdweller Optics Sensor Array Sensor Array Core Shielding Core Shielding Core Shielding Shield Generator Shield Generator Shield Generator Shield Generator Hacking Suite Light Assault Rifle Light Assault Rifle Light Assault Rifle Light Assault Rifle Subdweller Machine Gun Rocket Launcher Rocket Launcher Peak State ------------ > --- POWER ------------ Ion Engine > --- PROPULSION ------- Aluminum Leg Wheel > --- UTILITY ---------- High-capacity Storage Unit Core Shielding > --- WEAPON ----------- Assault Rifle Battle Cannon > --- INVENTORY -------- Subdweller Monowheel Flight Unit Subdweller Optics Sensor Array Sensor Array Core Shielding Core Shielding Core Shielding Shield Generator Shield Generator Shield Generator Shield Generator Hacking Suite Assault Rifle Light Assault Rifle Light Assault Rifle Light Assault Rifle Rocket Launcher Rocket Launcher Scrap Shield Fragment [Rating: 11] Favorites ----------- Power Ion Engine Engine Ion Engine Propulsion Light Treads Treads Light Treads Leg Aluminum Leg Wheel Subdweller Monowheel Flight Unit Flight Unit Utility Core Shielding Storage High-capacity Storage Unit Protection Core Shielding Weapon Assault Rifle Ballistic Gun Assault Rifle Ballistic Cannon Battle Cannon Build | -11 -10 -10 ------- Run | Yrd Mat Sub Slots Evolved . | . . . Power . | . . . Propulsion . | . . . Utility . | . . . Weapon . | . . . Parts Attached 20 | 6 6 8 Power 2 | 1 1 . Engine 2 | 1 1 . Core . | . . . Reactor . | . . . Propulsion 6 | 2 1 3 Treads 2 | 2 . . Leg 1 | . 1 . Wheel 2 | . . 2 Hover . | . . . Flight 1 | . . 1 Utility 3 | 1 2 . Device . | . . . Storage 2 | 1 1 . Processor . | . . . Hackware . | . . . Protection 1 | . 1 . Artifact . | . . . Weapon 9 | 2 2 5 Energy Gun . | . . . Energy Cannon . | . . . Ballistic Gun 7 | 2 2 3 Ballistic Cannon 2 | . . 2 Launcher . | . . . Special Weapon . | . . . Impact Weapon . | . . . Slashing Weapon . | . . . Piercing Weapon . | . . . Special Melee Weapon . | . . . Unidentified Prototypes . | . . . Parts Lost 10 | . 2 8 Power 2 | . 1 1 Propulsion 4 | . 1 3 Utility . | . . . Weapon 4 | . . 4 Highest Loss Streak 4 | . 1 4 To Critical Strikes 1 | . . 1 Average Backups 14 | 3 14 19 Power . | . . . Propulsion 2 | 1 2 . Utility 6 | . 5 10 Weapon 6 | . 6 6 Tool/Special . | . . . Unused Backups 22 | . 4 18 Power 1 | . . 1 Propulsion 1 | . 1 . Utility 11 | . . 11 Weapon 9 | . 3 6 Tool/Special . | . . . Average Slot Usage (%) 95 | . 96 87 Engine 12 | . 14 4 Treads 17 | . 19 1 Leg 7 | . 8 3 Wheel 1 | . . 12 Flight 1 | . . 10 Storage 14 | . 14 14 Protection 11 | . 10 14 Ballistic Gun 26 | . 28 17 Ballistic Cannon 1 | . . 9 Peak Build Rating 11 | 6 9 11 Average Rating 8 | 5 8 10 On Entrance 5 | . 6 9 Avg Prop Armor Cover (%) 6 | . 7 4 Naked Turns . | . . . Heaviest Build 51 | 10 50 51 Greatest Support 40 | 40 40 20 Greatest Overweight (x) 5 | . 2 5 Average Overweight (x) 1 | . 1 2 Largest Inventory Capacity 20 | 8 20 20 Average Capacity 16 | 7 16 20 Most Carried 20 | 4 20 20 Average Carried 14 | 3 15 19 Final Capacity 20 | 8 20 20 Final Carried 20 | 4 20 19 Class Distribution -------------------- 100% | Mutant Dominant Class ---------------- Mutant | -10/Materials Mutant | -10/Subcaves Resources | -11 -10 -10 ----------- Run | Yrd Mat Sub Matter Collected 810 | 250 481 79 Remotely . | . . . Salvage Created 1270 | . 1181 89 Parts 88 | . 81 7 Haulers Intercepted . | . . . Recyclers Shooed . | . . . Parts Field Recycled . | . . . Retrieved Matter . | . . . Parts Self-Destructed 4 | . . 4 Prevented . | . . . Parts Restored . | . . . Kills | -11 -10 -10 ------- Run | Yrd Mat Sub Combat Hostiles Destroyed 29 | . 25 4 Guns 27 | . 25 2 Cannons 2 | . . 2 Classes Destroyed 8 | . 7 1 Worker 3 | . 3 . Tunneler 1 | . 1 . Recycler 2 | . 2 . Operator 1 | . 1 . Watcher 3 | . 3 . Swarmer 6 | . 5 1 Grunt 20 | . 20 . Subdweller 3 | . . 3 Best Kill Streak 6 | . 6 1 Combat Bots Only 4 | . 4 1 Max Kills in Single Turn 2 | . 2 1 Gunslinging . | . . . Exploded . | . . . Melee . | . . . Uniques/NPCs Destroyed . | . . . Combat | -11 -10 -10 -------- Run | Yrd Mat Sub Hostile Shots Fired 142 | . 105 37 Missed 31 | . 27 4 Hits 111 | . 78 33 Projectile 111 | . 78 33 Critical Strikes 2 | . 1 1 Actively Blocked 3 | . . 3 Damage Taken 1739 | . 842 897 Core 254 | . 59 195 Absorbed by Shields . | . . . Redirected to Shielding 46 | . 4 42 Regen/Repaired (Parts) 68 | . 68 . Core Remaining (%) 100 | 100 . . Volleys Fired 138 | . 112 26 Largest 2 | . 2 2 Hottest 53 | . 40 53 Shots Fired 270 | . 224 46 Gun 254 | . 224 30 Cannon 16 | . . 16 Launcher . | . . . Special . | . . . Kinetic 270 | . 224 46 Thermal . | . . . Explosive . | . . . Electromagnetic . | . . . Robot Hit Streak 20 | . 15 20 Robot Miss Streak 5 | . 5 1 Penetration Max . | . . . Secondary Targets 1 | . 1 . Max Gunslinging Chain 1 | . 1 . Shots Hit Robots 188 | . 144 44 Core Hits 74 | . 66 8 Critical Kills 1 | . 1 . Critical Parts Destroyed 1 | . 1 . Critical Strikes 2 | . 2 . Destroy 2 | . 2 . Melee Attacks . | . . . Impact . | . . . Slashing . | . . . Piercing . | . . . Sneak Attacks . | . . . Combat Hostiles . | . . . Follow-up Attacks . | . . . Damage Inflicted 2158 | . 1551 607 Guns 1821 | . 1516 305 Cannons 302 | . . 302 Explosions . | . . . Melee . | . . . Ramming 35 | . 35 . Kinetic 2123 | . 1516 607 Thermal . | . . . Explosive . | . . . Electromagnetic . | . . . Impact . | . . . Slashing . | . . . Piercing . | . . . Highest Corruption . | . . . Average Corruption . | . . . Corruption Purged . | . . . Corruption Blocked . | . . . Overload Shots . | . . . Overflow Damage . | . . . Projectiles . | . . . Explosions . | . . . Melee . | . . . Knockbacks 5 | . . 5 Impact . | . . . Kinetic 5 | . . 5 Secondary . | . . . Self-Inflicted Damage . | . . . Shots . | . . . Rammed 10 | . 10 . Targets Rammed 11 | . 11 . Kicked . | . . . Crushed 1 | . 1 . Highest Temperature 36 | . 36 . Average Temperature 9 | . 9 . Received Heat Transfer 477 | . 396 81 Siege Activations . | . . . Martial Activations . | . . . Shielding Activations . | . . . Robots Disrupted . | . . . Combat Hostiles . | . . . Robots Corrupted . | . . . Combat Hostiles . | . . . Parts Fried . | . . . Impact Corruptions . | . . . Robots Melted . | . . . Combat Hostiles . | . . . Parts Melted . | . . . Heat Transferred . | . . . Parts Sabotaged . | . . . Parts Stolen . | . . . Parts Stripped . | . . . Power Chain Reactions . | . . . Alert | -11 -10 -10 ------- Run | Yrd Mat Sub Maximum Alert Level 1 | . 1 . Low Security (%) 89 | 100 88 . Level 1 10 | . 11 . Level 2 . | . . . Level 3 . | . . . Level 4 . | . . . Level 5 . | . . . High Security . | . . . Max Security . | . . . Peak Influence 246 | . 246 . Initial . | . . . Average 130 | . 140 . Influence Increases 809 | . 779 30 Destroy 0b10 Robot/C 520 | . 500 20 Destroy 0b10 Robot/NC 50 | . 50 . Destroy Leader 126 | . 116 10 Successful Hack 6 | . 6 . Select Force Hacks 60 | . 60 . Destroy Structure 2 | . 2 . Lose Combat Pursuer 45 | . 45 . Influence Decreases 809 | . 683 126 Entered New Map 47 | . . 47 Time Decay 713 | . 663 50 Lost Part 49 | . 20 29 Squads Dispatched 8 | . 8 . Investigation 6 | . 6 . Extermination . | . . . Reinforcement 2 | . 2 . Assault . | . . . Garrison . | . . . Intercept . | . . . Searches Triggered . | . . . Construction Impeded . | . . . Haulers Reinforced . | . . . Active Scanning Responses . | . . . Cargo Convoy Interrupts . | . . . Stealth | -11 -10 -10 --------- Run | Yrd Mat Sub Distress Signals 3 | . 3 . Communications Jammed . | . . . Distress Signals . | . . . Times Spotted 52 | . 45 7 Peak Tracking Total 5 | . 5 3 Tactical Retreats 1 | . 1 . Traps | -11 -10 -10 ------- Run | Yrd Mat Sub Traps Triggered 7 | . 3 4 Indirectly . | . . . Trap Hack Attempts . | . . . Triggered . | . . . Disarmed . | . . . Reprogrammed . | . . . Reused . | . . . Traps Extracted . | . . . Installed . | . . . Triggered . | . . . Machines | -11 -10 -10 ---------- Run | Yrd Mat Sub Machines Disabled . | . . . Max in Single Turn . | . . . Machines Repaired . | . . . Machines Dismantled . | . . . Machines Sabotaged . | . . . Overloaded Fab Kills . | . . . Hacking | -11 -10 -10 --------- Run | Yrd Mat Sub Machines Accessed 9 | . 9 . Terminals 6 | . 6 . Fabricators . | . . . Repair Stations 1 | . 1 . Recycling Units 2 | . 2 . Scanalyzers . | . . . Garrison Access . | . . . Total Hacks 21 | . 21 . Successful 11 | . 11 . Failed 10 | . 10 . Catastrophic 2 | . 2 . Database Lockouts . | . . . Manual 19 | . 19 . Terminals 18 | . 18 . Fabricators . | . . . Repair Stations 1 | . 1 . Recycling Units 2 | . 2 . Scanalyzers . | . . . Garrison Access . | . . . Terminal Hacks . | . . . Fabricator Hacks . | . . . Repair Station Hacks . | . . . Recycling Unit Hacks . | . . . Scanalyzer . | . . . Garrison Access Hacks . | . . . Unauthorized Hacks 11 | . 11 . Terminals 8 | . 8 . Botnet 3 | . 3 . Skim 5 | . 5 . Fabricators . | . . . Repair Stations 1 | . 1 . Patch 1 | . 1 . Recycling Units 2 | . 2 . Tunnel 2 | . 2 . Scanalyzers . | . . . Garrison Access . | . . . Data Cores Recovered . | . . . Used . | . . . Hacking Detections 6 | . 6 . Full Trace Events 1 | . 1 . Feedback Events . | . . . Feedback Blocked . | . . . Robot Schematics Acquired . | . . . Robots Built . | . . . Authchips . | . . . Time . | . . . Total Robot Build Rating . | . . . Part Schematics Acquired . | . . . Parts Built . | . . . Authchips . | . . . Time . | . . . Total Part Build Rating . | . . . Part Studies Acquired . | . . . Parts Repaired . | . . . Time . | . . . Parts Recycled . | . . . Recycled Matter . | . . . Retrieved Matter . | . . . Retrieved Components . | . . . Parts Scanalyzed . | . . . Part Schematics Acquired . | . . . Parts Damaged . | . . . Bothacking | -11 -10 -10 ------------ Run | Yrd Mat Sub Used RIF Installer . | . . . Robots Hacked . | . . . Non-combat . | . . . Combat . | . . . Robot Hacks Applied . | . . . Relay Couplers Released . | . . . Fabnet Peak Effective % . | . . . Robots Rewired . | . . . Allies Hacked . | . . . Hacks Repelled . | . . . Allies | -11 -10 -10 -------- Run | Yrd Mat Sub Total Allies . | . . . Largest Group . | . . . Highest-Rated Group . | . . . Highest-Rated Ally . | . . . Total Orders . | . . . Ally Attacks . | . . . Total Damage . | . . . Kills . | . . . Allies Corrupted . | . . . Allies Melted . | . . . Intel | -11 -10 -10 ------- Run | Yrd Mat Sub Active Infowar (turns) . | . . . Robot Analysis Total . | . . . Derelict Logs Recovered 1 | . . 1 Drone Launches . | . . . Drone Recoveries . | . . . Exploration | -11 -10 -10 ------------- Run | Yrd Mat Sub Turns Passed 4002 | 249 3245 508 Spaces Moved 1448 | 97 1071 280 Core 3 | 3 . . Treads 1174 | 94 1071 9 Legs . | . . . Wheels 271 | . . 271 Hover . | . . . Flight . | . . . Fastest Speed 50 | 50 160 130 Average Speed 225 | 156 253 139 Slowest Speed 320 | 160 320 320 Overloaded Moves . | . . . Propulsion Burnouts . | . . . Robots Hopped . | . . . Potential Cave-ins . | . . . Cave-ins Triggered . | . . . Exploration Rate (%) 43 | 7 96 28 Regions Visited 2 Branch Regions 1 Pre-discovered Areas 4 | . 3 1 Known Exits Taken 1 | . 1 . Unknown Exits Taken 1 | 1 . . Scrap Searched . | . . . Spaces Dug . | . . . Terrain Destroyed . | . . . Melee . | . . . Projectile . | . . . AOE . | . . . Terrain Rammed . | . . . Walls Destroyed . | . . . Machines Disabled . | . . . Actions | -11 -10 -10 --------- Run | Yrd Mat Sub Total 1923 | 191 1389 343 Wait 262 | 85 158 19 Move 1446 | 96 1070 280 Hop . | . . . Pick Up 35 | 4 23 8 Fast Attach 8 | 6 2 . Attach 8 | . 1 7 Detach . | . . . Swap 4 | . 3 1 Drop 11 | . 9 2 Fire 138 | . 112 26 Melee . | . . . Ram . | . . . Kick . | . . . Crush 11 | . 11 . Escape Stasis . | . . . Rewire . | . . . Trap . | . . . Miscellaneous . | . . . Route ------- -11/Scrapyard -10/Materials (discovered 5 exits: [*Mat x3] / [*Min] / *Sub) -10/Subcaves (discovered 2 exits: Mat x2) History --------- Turn | Location | Event 4 | -11/Scrapyard | Discovered new exit (range 15) 250 | -11/Scrapyard | Entered Materials 308 | -10/Materials | Build established: Mutant 1311 | -10/Materials | Discovered new exit (range 12) 1431 | -10/Materials | Discovered new exit (range 16) 1691 | -10/Materials | Discovered new exit (range 15) 1870 | -10/Materials | Discovered new exit (range 15) 3326 | -10/Materials | Identified exit to Subcaves 3394 | -10/Materials | Learned location of 2 exits from Materials 3413 | -10/Materials | Learned 4 Recycling zone layouts 3422 | -10/Materials | Learned Storage stockpile data 3433 | -10/Materials | Learned 2 Mines zone layouts 3483 | -10/Materials | Learned location of Mines (-8) 3495 | -10/Materials | Entered Subcaves 3496 | -10/Subcaves | Shifting Twisted Machinery released Sub. Monowheel 3496 | -10/Subcaves | Shifting Twisted Machinery released Battle Cannon 3496 | -10/Subcaves | Approached by a straggling Scientist 3496 | -10/Subcaves | Identified exit to Materials 3573 | -10/Subcaves | Lost 3 parts (1n2w) 3612 | -10/Subcaves | Core integrity fell below 50% 3674 | -10/Subcaves | Core integrity fell below 20% 3704 | -10/Subcaves | Lost 4 parts (1p1n2w) 3757 | -10/Subcaves | Learned Materials terminal intel 3771 | -10/Subcaves | Shifting Twisted Machinery released Sub. Laser 3778 | -10/Subcaves | Shifting Twisted Machinery released Battle Cannon 3779 | -10/Subcaves | Learned location of Zion (-6) 3779 | -10/Subcaves | Met a Zionite searching for "candidates" 4003 | -10/Subcaves | Destroyed by 3G-367(R) with Subdweller Machine Gun Last Messages --------------- 03757_ Acquired derelict log, extracted data. Data stored: Materials terminal intel. Sub. Laser falls loose from the Twisted Machinery. Battle Cannon falls loose from the Twisted Machinery. 03779_ IO-ZZV(z): "Hey you! It's really dangerous down here, I feel that you could die at any moment. For your health and safety might I suggest a trip to Zion?" World map updated: -6/Zion. 03787_ Acquired Battle Cannon. EK-O35(c): "I think it's somewhere west of here" 03894_ RX-XG0(u) builds Twisted Machinery. 03900_ RX-XG0(u) tweaks Twisted Machinery. EK-O35(c): "I think it's somewhere west of here" 03910_ RX-XG0(u) tweaks Twisted Machinery. EK-O35(c): "I think it's somewhere west of here" 03997_ G6-XRH(R) knocked back. Map ----- +----------------------------------------------------+ | ??????????????????????????????? #?????? #???# | | ??????????????????????????????? #????? #???? | | ????????????????????????###???? #?????# #????? | | ????????????????????????# #??? ?????## #????? | | ????????????????????????# ### ????## #????# | | ?????????????????????????# ???## #?????# | | ?????????????????????????# ??## #?????# | | ?????????????????????????# #?## #?????# | | ????????????????????????## ### #?????# | | ????????????????????????# ## #??##### | | ??????????????????????????# #### ## | | ??????????????????????????## ## #?# | | ???????????????????????????## ##### #?? | | ????????????????????????????## #??## ### | | ??????????????????????####### ##???## ## | | ?????????????????????## ## #?????## | | ?????????????????????# ###????## | | ????????????